 Dungeon Crawl Stone Soup version 0.31-a0-1227-g0136665373 (webtiles) character file.

Game seed: 13430480861120472638

66 Fodor the Covered (level 3, 0/33 HPs)
             Began as a Minotaur Fighter on Dec 15, 2023.
             Slain by a gnoll
             ... wielding a +0 flail
              (8 damage)
             ... on level 3 of the Dungeon.
             The game lasted 00:05:33 (1315 turns).

Fodor the Covered (Minotaur Fighter)                Turns: 1315, Time: 00:05:33

Health: 0/33       AC:  7    Str: 22    XL:     3   Next: 96%
Magic:  2/2        EV:  9    Int:  5    God:
Gold:   56         SH:  4    Dex:  9    Spells: 2/2 levels left

rFire   . . .        a - +0 war axe
rCold   . . .        c - +0 buckler
rNeg    . . .        b - +0 scale mail
rPois   .            (helmet restricted)
rElec   .            (no cloak)
rCorr   +            (no gloves)
SInv    .            (no boots)
Will    .....        (no amulet) Stlth
                     p - ring of resist corrosion
HPRegen 0.25/turn    (no ring)
MPRegen 0.08/turn

%: no passive effects
@: attractive
A: horns 2, retaliatory headbutt
a: no special abilities


You were on level 3 of the Dungeon.
You visited 1 branch of the dungeon, and saw 3 of its levels.

You collected 56 gold pieces.

Inventory:

Hand Weapons
 a - a +0 war axe (weapon)
Armour
 b - a +0 scale mail (worn)
 c - a +0 buckler (worn)
Jewellery
 p - a ring of resist corrosion (left hand)
Scrolls
 e - a scroll of enchant weapon {unknown}
 g - a scroll of immolation {unknown}
 h - 4 scrolls of identify {unknown}
 i - a scroll of vulnerability {unknown}
 j - a scroll of enchant armour {unknown}
 l - a scroll of fog {unknown}
 m - a scroll of poison {unknown}
 o - a scroll of amnesia {unknown}
Potions
 d - a potion of might
 k - a potion of invisibility {unknown}
 n - a potion of degeneration {unknown}


   Skills:
 + Level 4.2 Fighting
 + Level 3.4 Axes
 + Level 4.3 Armour
 + Level 0.1 Dodging
 + Level 4.2 Shields


You had 2 spell levels left.
You didn't know any spells.
Your spell library contained the following spells:

 Spells                   Type           Power      Damage    Failure   Level
 Blink                    Tloc           0%         N/A       94%         2
 Dazzling Flash           Conj/Hex       0%         N/A       99%         3
 Volatile Blastmotes      Fire/Tloc      0%         2d10      99%         3
 Manifold Assault         Tloc           0%         N/A       100%        4
 Starburst                Conj/Fire      0%         6d3       100%        6
 Maxwell's Capacitive Co  Air            0%         ∞         100%        8


Dungeon Overview and Level Annotations

Branches:
Dungeon (3/15)

Altars:


Innate Abilities, Weirdness & Mutations

You have a pair of horns on your head.
You reflexively headbutt those who attack you in melee.


Message History

A worm comes into view.
Found a stone staircase leading down. 3 gnolls come into view.
A gnoll is wielding a +1 halberd of flaming.
The gnoll shouts! x3
There is a stone staircase leading down here.
The gnoll barely misses you. The worm bites you.
You hit the worm. You headbutt the worm!
The worm is almost dead.
The worm closely misses you. You furiously retaliate!
You headbutt the worm, but do no damage.
The gnoll closely misses you.
You barely miss the worm. Your headbutt misses the worm.
The worm is severely wounded.
The gnoll hits you from afar with a +1 halberd of flaming.
The gnoll burns you. You block the worm's attack.
You completely miss the worm.
The worm is severely wounded.
The gnoll hits you from afar with a +1 halberd of flaming.
The gnoll burns you.
You hit the worm.
The worm is almost dead.
The gnoll hits you from afar with a +1 halberd of flaming.
The gnoll burns you. The worm barely misses you. You furiously retaliate!
You headbutt the worm. The gnoll barely misses you.
You hit the worm.
You kill the worm!
The gnoll closely misses you.
You hit the gnoll.
The gnoll is moderately wounded.
The gnoll hits you from afar with a +1 halberd of flaming.
The gnoll burns you.
* * * LOW HITPOINT WARNING * * *
The gnoll hits you with a +0 flail.
* * * LOW HITPOINT WARNING * * *
It was a potion of attraction.
You feel attractive to monsters. The gnoll closely misses you.
The gnoll hits you with a +0 flail!
You die...

####...#
#####.##...#####
##.#.#.....##...#...
.........#.##.....#
...#.#.#.#.##g...# #
#.#.#@##g..#
#.#.#g##g.#
#r#.#.g.>#
..#.####..#
###.###./..#
#<.......#
##.........
..........
#...........


You could see 2 gnolls.

Vanquished Creatures
  A worm (D:3)
  3 dart slugs (D:1)
  6 ball pythons
  4 endoplasms
  10 giant cockroaches
  2 goblins (D:2)
  5 hobgoblins
  3 jackals (D:1)
  A quokka (D:1)
  4 bats
  5 frilled lizards
  5 kobolds
  3 rats
52 creatures vanquished.

Notes
Turn   | Place    | Note
-------+----------+-------------------------------------------
     0 | D:1      | Fodor the Minotaur Fighter began the quest for the Orb.
     0 | D:1      | Reached XP level 1. HP: 19/19 MP: 0/0
    94 | D:1      | Reached XP level 2. HP: 23/27 MP: 1/1
   379 | D:1      | Reached XP level 3. HP: 29/33 MP: 2/2
  1315 | D:3      | Slain by a gnoll

Illustrated notes

Levels and vault maps discovered:
D:1:      dpeg_arrival_lava_temple_mockup, layout_rooms, grunt_decor_clamped
D:2:      layout_basic
D:3:      layout_basic

Skill      XL: |  1  2  3 |
---------------+----------+-----
Shields        | 4 |  4.2
Armour         | 4 |  4.3
Fighting       | 4 |  4.2
Axes           | 3 |  3.4
Dodging        | |  0.1

Action                     || total
---------------------------++-------
  Melee: War axe           ||    93
         Headbutt          ||    11
    Use: Potion            ||     1
 Armour: Scale mail        ||    78
  Dodge: Dodged            ||    57
  Block: Buckler           ||    22

Table legend: (Time is in decaauts)
 A = Elapsed time spent in this place.
 B = Non-inter-level travel time spent in this place.
 C = Inter-level travel time spent in this place.
 D = Time resting spent in this place.
 E = Time spent auto-exploring this place.
 F = Levels seen in this place.
 G = Mean time per level.
                   A        B        C        D        E       F      G
               +--------+--------+--------+--------+--------+-----+--------+
         Total |   1349 |   1298 |     51 |    100 |      0 |   3 |  449.7 |
       Dungeon |   1349 |   1298 |     51 |    100 |      0 |   3 |  449.7 |
               +--------+--------+--------+--------+--------+-----+--------+

Top non-repeatable levels by time:
     D:1: 681 daAuts
     D:2: 617 daAuts
     D:3: 50 daAuts
